 Dungeon Crawl Stone Soup version 0.17-a0-377-gdd46233 (webtiles) character file.

97 McCoppin the Sneak (level 4, -1/28 HPs)
             Began as an Octopode Wanderer on Apr 1, 2015.
             Slain by a goblin
             ... wielding a +0 dagger
              (4 damage)
             ... on level 2 of the Dungeon.
             The game lasted 00:04:15 (885 turns).

McCoppin the Sneak (Octopode Wanderer)               Turns: 885, Time: 00:04:15

Health: -1/28      AC:  1    Str: 12    XL:     4   Next: 68%
Magic:  4/4        EV: 10    Int: 14    God:
Gold:   35         SH:  3    Dex: 11    Spells: 0 memorised, 3 levels left

rFire  . . .     SeeInvis .     a - +2 short sword
rCold  . . .     Clarity  .     l - +0 buckler
rNeg   . . .     SustAb   .     (helmet restricted)
rPois  .         Gourm    .     (no amulet)
rElec  .         Spirit   .     p - ring of teleportation (curse)
rCorr  .         Warding  .     (no ring)
rMut   .         Rnd*Tele +     (no ring)
MR     .....                    (no ring)
Stlth  +++++.....               (no ring)
                                (no ring)
                                (no ring)
                                (no ring)

@: not resistant to hostile enchantments, quite stealthy
A: almost no armour, amphibious, 8 rings, constrict 8, camouflage 1, gelatinous
body 1
a: Evoke Teleportation


You were on level 2 of the Dungeon.
You were not hungry.

You visited 1 branch of the dungeon, and saw 2 of its levels.

You collected 35 gold pieces.

Inventory:

Hand weapons
 a - a +2 short sword (weapon)
 e - a +0 dagger
Missiles
 d - 19 poisoned needles
Armour
 l - a +0 buckler (worn)
Jewellery
 g - a cursed amulet of inaccuracy
 p - a cursed ring of teleportation (left tentacle)
Magical devices
 h - a wand of confusion (20)
 k - a wand of flame (20)
Potions
 c - 4 potions of lignification
 i - 2 potions of curing
 j - a potion of might {unknown}
 m - a potion of heal wounds {unknown}
 n - 2 potions of restore abilities {unknown}
 o - a potion of resistance {unknown}
Books
 b - Alistair's Guide on Poison

   Spells                             Type                      Level
   a - Sting                          Conjuration/Poison           1
   b - Spider Form                    Transmutation/Poison         3
Comestibles
 f - 2 bread rations
 q - a meat ration


   Skills:
 - Level 1.0 Fighting
 - Level 1.0 Short Blades
 + Level 7.4 Stealth
   Level 2.0 Charms
   Level 3.0 Necromancy


You had 3 spell levels left.
You didn't know any spells.

Dungeon Overview and Level Annotations

Branches:
Dungeon (2/15)

Altars:

Annotations:
D:2 Robin


Innate Abilities, Weirdness & Mutations

You cannot wear most types of armour.
You are amphibious.
You can wear up to eight rings at the same time.
You can use your tentacles to constrict eight enemies at once.
Your skin changes colour to match your surroundings (Stealth).
Your rubbery body absorbs attacks (AC +1).


Message History

You hit the goblin.
You kill the goblin!
The goblin shoots a stone.
The stone hits you.
You hear a splash.
You see here a stone.
The goblin shoots a stone.
The stone barely misses you.
The goblin shoots a stone.
The stone hits you.
You hear a splash.
You see here a stone.
The goblin shoots a stone.
The stone hits you!
* * * LOW HITPOINT WARNING * * *
You hear a splash.
You see here a stone.
Your surroundings suddenly seem different.
You start resting.
Your surroundings suddenly seem different.
A goblin comes into view. It is wielding a dagger.
The goblin shouts!
The goblin hits you with a dagger.
You die...

########.######### **....#
......†..†.......# *#.#.#
#####.##†#######.# ####.#.#
......##.# #.# #)...#.#
####..##.# #.####### #.####.#
#..##.# #.......# #.# #.#
#..##.### #..####.###.# #.#
#..##...# #..##.....#.####.#
#..##.#.# #@.##............#
#####.##>#.#####g.##.............
..# #............<##.....#.######
#.# #.##.............(.....# #.#
#.##################.### #.# #.#
#.# #.###.############ #.#
#...>............# #÷#
...>..##########.# #.#


You could see a goblin.

Vanquished Creatures
  Jessica (D:2)
  Terence (D:2)
  An adder (D:2)
  A giant gecko (D:1)
  4 bats
  7 hobgoblins
  A jackal (D:2)
  4 giant cockroaches
  4 giant newts
  6 goblins
  2 kobolds (D:1)
  5 rats
37 creatures vanquished.

Notes
Turn   | Place    | Note
--------------------------------------------------------------
     0 | D:1      | McCoppin, the Octopode Wanderer, began the quest for the Orb.
     0 | D:1      | McCoppin set off with: a +2 short sword, Alistair's Guide on Poison, a potion of lignification, a +0 dagger, a bread ration
     0 | D:1      | Reached XP level 1. HP: 13/13 MP: 1/1
     0 | D:1      | Identified Alistair's Guide on Poison
   252 | D:1      | Reached XP level 2. HP: 16/18 MP: 2/2
   283 | D:1      | Reached skill level 5 in Stealth
   376 | D:2      | Noticed Jessica
   382 | D:2      | Killed Jessica
   382 | D:2      | Reached skill level 6 in Stealth
   382 | D:2      | Reached XP level 3. HP: 23/23 MP: 3/3
   444 | D:2      | Reached XP level 4. HP: 24/28 MP: 4/4
   650 | D:2      | Noticed Terence
   650 | D:2      | Noticed Robin
   679 | D:2      | Killed Terence
   679 | D:2      | Reached skill level 7 in Stealth
   885 | D:2      | Slain by a goblin

Action                   |  1- 3 |  4- 6 || total
-------------------------+-------+-------++-------
Melee: Short sword       |    43 |    27 ||    70
  Use: Scroll            |       |     3 ||     3
       Potion            |       |     1 ||     1
 Stab: Sleeping          |     5 |     2 ||     7
